 Dungeon Crawl Stone Soup version 0.24.0-123-gd5b16e6ec5 (webtiles) character file.

Game seed: 17832209232437500271, levelgen mode: deterministic

39 Elellon the Conjurer (level 3, 0/19 HPs)
             Began as a Deep Elf Conjurer on Jan 9, 2020.
             Slain by an iguana (14 damage)
             ... on level 1 of the Dungeon.
             The game lasted 00:04:58 (1537 turns).

Elellon the Conjurer (Deep Elf Conjurer)            Turns: 1537, Time: 00:04:59

Health: 0/19       AC:  3    Str:  5    XL:     3   Next: 26%
Magic:  7/10       EV: 13    Int: 20    God:
Gold:   63         SH:  0    Dex: 15    Spells: 6/9 levels left

rFire    . . .     SeeInvis .   l - +0 dagger
rCold    . . .     Gourm    .   (no shield)
rNeg     . . .     Faith    .   a - +0 robe
rPois    .         Spirit   .   (no helmet)
rElec    .         Reflect  .   (no cloak)
rCorr    .         Harm     .   b - +0 pair of gloves
MR       .....                  (no boots)
Stlth    ++........             (no amulet)
HPRegen  0.06/turn              (no ring)
MPRegen  0.12/turn              (no ring)

@: no status effects
A: no striking features
a: no special abilities


You were on level 1 of the Dungeon.
You were not hungry.

You visited 1 branch of the dungeon, and saw 2 of its levels.

You collected 63 gold pieces.

Inventory:

Hand Weapons
 l - a +0 dagger (weapon)
Armour
 a - a +0 robe (worn)
 b - a +0 pair of gloves (worn)
Jewellery
 j - an uncursed ring of ice {unknown}
 k - a +2 ring of protection {unknown}
Scrolls
 e - 2 scrolls of remove curse {unknown}
 i - 2 scrolls of identify {unknown}
Potions
 d - a potion of degeneration {unknown}
 g - a potion of flight {unknown}
 h - a potion of might {unknown}
Comestibles
 c - a ration


   Skills:
 + Level 3.1 Dodging
 + Level 3.2 Stealth
 + Level 3.6 Spellcasting
 + Level 4.7 Conjurations


You had 6 spell levels left.
You knew the following spells:

 Your Spells              Type           Power        Failure   Level  Hunger
a - Magic Dart            Conj           ###.         1%          1    None
b - Searing Ray           Conj           ###...       3%          2    ##.....

Your spell library contained the following spells:

 Spells                   Type           Power        Failure   Level  Hunger
 Dazzling Spray           Conj/Hex       ##....       16%         3    ###....
 Iskenderun's Mystic Bla  Conj           ###.....     19%         4    ####...
 Force Lance              Conj/Tloc      ##......     45%         4    ####...
 Fulminant Prism          Conj/Hex       ##........   45%         4    ####...


Dungeon Overview and Level Annotations

Branches:
Dungeon (2/15)

Altars:


Message History

You can't go up here!
Unknown command.
Unknown command.
Casting: Magic Dart (safe; 1% risk of failure)
Confirm with . or Enter, or press ? or * to list all spells.
Aiming: Magic Dart (safe; 1% risk of failure)
Press: ? - help, Shift-Dir - straight line, f - iguana
Aim: an iguana (moderately wounded)
The magic dart hits the iguana but does no damage.
The iguana is moderately wounded.
Casting: Magic Dart (safe; 1% risk of failure)
Confirm with . or Enter, or press ? or * to list all spells.
Aiming: Magic Dart (safe; 1% risk of failure)
Press: ? - help, Shift-Dir - straight line, f/p - iguana
Aim: an iguana (moderately wounded)
The magic dart hits the iguana.
The iguana is heavily wounded.
The iguana bites you!
Ouch! That really hurt!
You die...

#.#####)# ####.#### ####.
#(......# ##.#.## ##.##.
##########.#
##.###l######..)#. ...#
#.# #.## ##...........
.#.# #.#
#..###.######..... ##.#
#.# #.#.#.## #..#..
##.#######.#####)#####
#..##.
.........####...l...####
#.....
##.#######......@......##
#..... ##.#
##...............## #####.
...# #........⌠........#
#. ####
#.......⌠>⌠.......#######.
#........⌠........#....##.
#.................####....
##...............#####..#.
##.............###..#.>#.
#
#####.......#######.#..#.


You could see an iguana.

Vanquished Creatures
  2 dart slugs (D:1)
  3 leopard geckos
  2 giant cockroaches (D:1)
  6 goblins (D:1)
  6 hobgoblins (D:1)
  A ball python (D:1)
  2 bats
  3 frilled lizards (D:1)
  6 rats (D:1)
31 creatures vanquished.

Notes
Turn   | Place    | Note
-------+----------+-------------------------------------------
     0 | D:1      | Elellon the Deep Elf Conjurer began the quest for the Orb.
     0 | D:1      | Reached XP level 1. HP: 10/10 MP: 6/6
   358 | D:1      | Reached XP level 2. HP: 15/15 MP: 1/8
   694 | D:1      | Learned a level 2 spell: Searing Ray
  1057 | D:1      | Reached XP level 3. HP: 19/19 MP: 8/10
  1537 | D:1      | Slain by an iguana

Levels and vault maps discovered:
D:1:      dpeg_arrival_three_bigger_balls, layout_loops_corners
D:2:      layout_rooms, nicolae_overflow_hidden_temple, serial_undead,
          serial_undead_f, serial_undead_f, serial_undead_b, serial_undead_a,
          minmay_fractal_squares_gapless_5, uniq_terence

Skill      XL: |  1  2 |
---------------+-------+-----
Stealth        | 3 |  3.2
Dodging        | 3 |  3.1
Spellcasting   | |  3.6
Conjurations   | |  4.7

Action                   || total
-------------------------++-------
Melee: Unarmed           ||     9
 Cast: Magic Dart        ||    75
 Stab: Sleeping          ||     1
  Eat: Chunk             ||     2
Armor: Robe              ||    11
Dodge: Dodged            ||    13
